Map: Orbital Shipyard

Players

LilDicky

  • Race: Terran Terran
  • League: Diamond

ShadowOPS - Winner!

  • Race: Terran Terran
  • League: Diamond

VOD

http://www.twitch.tv/tumescentpie

Description

Time

  • Played on: Dec. 31, 2015, 1:19 a.m.
  • Length: 14:49
Show
View Real Time Build Order
Export as new Build Order

LilDicky Terran 

Build Orders: Liberator Opening 

Get SALT Encoding   

  12  0:02  SCV  
  13  0:14  SCV  
  13  0:19  Supply Depot  
  14  0:26  SCV  
  15  0:32  Refinery  
  15  0:41  SCV  
  16  0:51  Barracks  
  16  0:53  SCV  
  17  1:05  SCV  
  18  1:18  SCV  
  20  1:38  Refinery, Marine  
  21  1:44  Orbital Command  
  20  1:50  Command Center  
  20  2:04  Factory  
  20  2:05  Barracks Reactor  
  20  2:17  Supply Depot  
  20  2:21  SCV  
  21  2:33  SCV  
  22  2:45  SCV  
  22  2:51  Factory Tech Lab, Marine x2  
  24  2:55  Starport  
  24  3:11  Orbital Command  
  24  3:15  Liberator  
  24  3:16  Siege Tank  
  27  3:20  Marine x2  
  27  3:21  SCV  
  32  3:35  SCV  
  32  3:38  Marine  
  34  3:46  SCV  
  34  3:48  Siege Tank  
  38  3:51  Refinery  
  38  3:53  SCV  
  38  3:54  Marine  
  40  3:56  Marine  
  40  4:00  SCV  
  42  4:07  Liberator  
  42  4:11  SCV  
  42  4:12  Marine  
  42  4:16  SCV  
  48  4:34  Siege Tank  
  51  4:39  Marine x2  
  51  4:40  SCV  
  51  4:45  Supply Depot, SCV  
  55  4:48  Engineering Bay  
  55  4:52  SCV  
  56  4:53  Supply Depot  
  56  4:57  SCV, Marine x2  
  59  5:04  SCV  
  60  5:07  Viking  
  62  5:27  Siege Tank  
  65  5:35  SCV x2  
  65  5:47  SCV  
  63  6:08  Liberator  
  56  6:24  Marine x2  
  56  6:44  SCV  
  57  6:48  Siege Tank  
  60  6:55  Supply Depot, Missile Turret, Marine x2  
  60  6:56  Starport  
  60  6:57  Starport  
  60  6:59  Command Center  
  47  7:25  Siege Tank  
  47  7:28  Starport Tech Lab  
  47  7:29  SCV  
  51  7:30  SCV  
  52  7:37  Command Center  
  52  7:39  Missile Turret  
  52  7:40  Missile Turret  
  52  7:41  Refinery  
  52  7:42  SCV x2, Supply Depot  
  54  7:49  Missile Turret  
  54  7:50  Starport Reactor x2  
  54  7:51  Missile Turret  
  54  7:53  Banshee, Cloaking Field, Missile Turret  
  54  7:54  SCV x2  
  54  7:55  Marine x2  
  61  8:01  Siege Tank  
  64  8:06  SCV x2  
  64  8:11  Liberator x2  
  66  8:13  Refinery  
  66  8:14  Refinery, Orbital Command  
  66  8:17  Marine x2  
  66  8:18  SCV x2  
  70  8:28  Medivac x2  
  70  8:30  SCV x2  
  70  8:33  Siege Tank  
  85  8:36  Supply Depot  
  85  8:37  Supply Depot  
  85  8:42  Banshee, SCV  
  85  8:47  SCV x2  
  91  8:49  Liberator  
  91  8:53  Supply Depot  
  91  8:56  SCV  
  91  9:00  SCV  
  91  9:01  Command Center, Hi-Sec Auto Tracking  
  93  9:03  SCV  
  93  9:05  Siege Tank  
  93  9:06  Liberator  
  93  9:09  SCV  
  101  9:24  Banshee  
  101  9:59  Supply Depot  
  96  10:00  Neosteel Frame  
  96  10:01  Supply Depot  
  96  10:05  Orbital Command  
  96  10:07  SCV x3  
  92  10:21  Liberator x2  
  83  10:30  Refinery  
  83  10:31  Refinery  
  79  10:39  Viking x2  
  79  10:40  Viking  
  79  10:42  Marine x2  
  92  10:45  Siege Tank  
  94  10:54  SCV x3, Orbital Command  
  91  10:59  SCV  
  89  11:06  SCV  
  89  11:09  Viking x2  
  89  11:10  Viking  
  96  11:18  SCV x4, Siege Tank  
  100  11:19  Factory  
  100  11:20  Factory  
  100  11:21  SCV, Viking x2  
  100  11:23  Command Center  
  105  11:30  SCV x4  
  109  11:33  SCV  
  109  11:36  Liberator x2  
  110  11:42  SCV x2, Armory  
  110  11:45  Command Center  
  112  11:48  SCV x2  
  112  11:50  Siege Tank  
  112  11:52  Viking x3  
  129  11:54  SCV  
  129  11:56  SCV  
  129  12:01  Armory x2  
  131  12:05  Liberator  
  131  12:16  Factory Reactor  
  131  12:17  Factory Reactor  
  131  12:18  Missile Turret  
  131  12:19  Liberator x2  
  131  12:22  Siege Tank  
  137  12:23  Viking  
  137  12:24  Viking  
  141  12:31  Terran Vehicle And Ship Armor Level 1  
  141  12:32  Refinery  
  141  12:33  Refinery  
  141  12:34  SCV x5  
  141  12:35  Supply Depot  
  141  12:36  Missile Turret  
  146  12:46  SCV x2  
  146  12:49  Sensor Tower  
  148  12:56  Refinery  
  145  12:59  Refinery  
  145  13:12  Siege Tank, Widow Mine x2  
  127  13:13  Widow Mine  
  127  13:16  Viking x2  
  127  13:17  Viking  
  127  13:18  Viking  
  127  13:19  Viking  
  140  13:21  Orbital Command  
  140  13:42  Hellion x4  
  140  13:44  Siege Tank  
  151  13:49  Command Center  
  151  14:03  Hellion x3  
  151  14:04  Hellion  
  151  14:08  Factory  
  151  14:09  Factory  
  159  14:10  Factory x2  
  159  14:14  Factory  
  159  14:16  Siege Tank  
  162  14:25  Hellion x4  
  162  14:26  Refinery  
  162  14:29  Refinery  
Show
View Real Time Build Order
Export as new Build Order

ShadowOPS Terran - Winner!

Build Orders: Reaper Expand, Mech 

Get SALT Encoding   

  12  0:01  SCV  
  13  0:14  SCV  
  13  0:18  Supply Depot  
  14  0:26  SCV  
  15  0:30  Refinery  
  15  0:39  SCV  
  16  0:46  Barracks  
  16  0:52  SCV  
  17  1:04  SCV  
  18  1:16  SCV  
  19  1:33  Orbital Command  
  19  1:34  Reaper  
  20  1:45  Command Center  
  20  1:57  Factory  
  20  1:58  SCV  
  21  2:05  Refinery  
  21  2:13  Supply Depot  
  21  2:17  SCV  
  21  2:21  Barracks Reactor  
  22  2:29  SCV  
  23  2:41  SCV  
  24  2:53  SCV  
  25  3:05  SCV  
  25  3:12  Orbital Command  
  25  3:13  Marine x2  
  25  3:15  Factory Tech Lab  
  25  3:18  SCV  
  25  3:19  Starport  
  28  3:30  Command Center, SCV  
  28  3:31  Marine  
  30  3:36  Marine  
  30  3:40  SCV  
  32  3:46  SCV, Siege Tank  
  36  3:51  Marine  
  36  3:52  SCV  
  36  3:54  Marine  
  39  3:59  SCV, Medivac  
  42  4:04  Supply Depot  
  42  4:05  SCV  
  42  4:09  Marine  
  44  4:11  Supply Depot  
  44  4:13  SCV  
  44  4:15  Marine  
  46  4:26  SCV x2  
  48  4:33  Barracks  
  48  4:35  Barracks  
  48  4:37  Barracks  
  49  4:38  SCV x2  
  49  4:39  Marine x2  
  49  4:43  Orbital Command  
  52  4:50  SCV x2  
  52  4:51  Siege Tank  
  57  4:57  Starport Reactor  
  57  4:58  Marine x2  
  59  5:03  Supply Depot  
  59  5:09  Engineering Bay  
  59  5:13  SCV, Engineering Bay  
  60  5:16  Marine  
  60  5:19  SCV, Refinery  
  60  5:21  Refinery  
  61  5:32  Siege Tank  
  61  5:33  Marine x3  
  66  5:40  SCV x2  
  66  5:41  Viking  
  69  5:51  Marine  
  69  5:53  Supply Depot  
  69  5:54  Supply Depot  
  69  5:55  SCV x2, Viking, Marine  
  75  6:01  SCV  
  71  6:07  SCV x2  
  61  6:33  SCV x2, Marine x3  
  61  6:34  Viking, Orbital Command  
  66  6:45  SCV x2  
  68  6:54  Marine x2  
  68  6:56  Viking  
  68  6:57  SCV x2  
  68  6:59  Factory  
  68  7:00  Factory  
  74  7:09  SCV x2  
  69  7:19  SCV  
  69  7:21  SCV x2  
  72  7:29  Factory  
  72  7:33  Barracks  
  72  7:35  SCV x2  
  72  7:36  SCV, Supply Depot  
  75  7:37  Supply Depot  
  75  7:38  Barracks Tech Lab  
  75  7:39  Barracks Tech Lab  
  75  7:40  Barracks Reactor  
  75  7:43  Orbital Command  
  75  7:46  Starport Reactor  
  75  7:57  SCV x2  
  77  7:58  Combat Shields  
  77  7:59  Stimpack  
  77  8:00  Marine x2  
  77  8:04  Refinery  
  79  8:08  Refinery  
  79  8:09  SCV x3  
  82  8:23  Barracks Tech Lab, Factory Reactor  
  82  8:25  Factory Tech Lab  
  82  8:26  Medivac x2  
  86  8:31  SCV x3  
  89  8:39  Marine  
  89  8:40  Marine x3  
  93  8:41  Factory Tech Lab  
  93  8:42  Factory Tech Lab  
  93  8:43  SCV  
  93  8:44  Siege Tank  
  93  8:47  SCV x2  
  99  8:55  SCV, Sensor Tower  
  99  8:57  Marine  
  99  8:58  Terran Infantry Weapons Level 1, Terran Infantry Armor Level 1  
  99  8:59  SCV, Marine x4  
  99  9:02  Barracks x2  
  106  9:03  Siege Tank  
  106  9:04  Barracks  
  106  9:09  Siege Tank  
  112  9:10  Supply Depot, SCV x2  
  112  9:12  Supply Depot  
  112  9:13  Supply Depot x2  
  112  9:15  Marine  
  112  9:16  Missile Turret  
  112  9:17  Missile Turret x2  
  82  9:38  Viking x2  
  114  9:46  Marine x4  
  118  9:56  Marine  
  119  10:03  Marine  
  119  10:04  Marine  
  119  10:07  Marine x5  
  116  10:08  Viking x2  
  125  10:14  Marine  
  125  10:15  SCV x3  
  119  10:27  SCV x2  
  114  10:31  Marine x7  
  114  10:32  Marine  
  117  10:49  Marine x2  
  119  10:50  Marine x4  
  119  10:51  Marine x2  
  119  10:52  Siege Tank x3  
  119  10:54  Medivac x2  
  138  11:06  Marine  
  138  11:07  Marine  
  138  11:08  Marine x2  
  139  11:13  Marine x3  
  142  11:18  Missile Turret  
  142  11:23  Missile Turret  
  142  11:25  Missile Turret  
  142  11:31  Missile Turret  
  142  11:32  Missile Turret  
  142  11:33  Missile Turret  
  142  11:35  Missile Turret  
  142  11:36  Marine x7  
  149  11:45  Armory  
  149  11:54  Missile Turret  
  149  11:58  Missile Turret x2  
  149  12:03  Barracks Reactor  
  149  12:04  Barracks Reactor x2  
  149  12:08  Command Center  
  149  12:20  Supply Depot, Siege Tank x3, Marine x5  
  149  12:22  Supply Depot  
  163  12:32  Command Center, Refinery x2  
  163  12:46  Command Center  
  140  13:00  Marine x5  
  140  13:11  Marine x6  
  134  13:18  Marine x4  
  129  13:22  Supply Depot  
  129  13:33  Marine x2  
  129  13:34  Marine x4  
  132  13:36  Medivac x2  
  139  13:52  Marine x4  
  139  13:53  Marine x4  
  139  13:55  Refinery  
  147  13:58  Refinery  
  147  14:02  Marine x3  
  150  14:05  Planetary Fortress  
  150  14:06  Armory  
  150  14:10  Missile Turret x3, Marine  
  150  14:12  Missile Turret  
  150  14:15  Missile Turret  
  150  14:16  Missile Turret  
  151  14:19  Missile Turret x2  
  151  14:26  Marine x5  
Tags
 
Add a new tag
Caveats
  • Supply blocks, unpowered buildings, or Contaminate may cause inaccurate times.
  • Supply counts are checked every 10 seconds.